 Dungeon Crawl Stone Soup version 0.21.1-1-g345015fe64 (webtiles) character file.

186 YetiFiasco the Ruffian (level 5, -4/41 HPs)
             Began as a Draconian Transmuter on Mar 18, 2018.
             Splashed by a jelly's acid (10 damage)
             ... on level 6 of the Dungeon.
             The game lasted 00:37:05 (3342 turns).

YetiFiasco the Ruffian (Draconian Transmuter)       Turns: 3342, Time: 00:37:05

Health: -4/41      AC: -19   Str: 13    XL:     5   Next: 38%
Magic:  8/8        EV: 13    Int: 14    God:
Gold:   218        SH:  0    Dex: 14    Spells: 5/8 levels left

rFire    . . .     SeeInvis .   w - +2 short sword (speed)
rCold    . . .     Gourm    .   (no shield)
rNeg     . . .     Faith    .   (armour unavailable)
rPois    .         Spirit   .   (helmet restricted)
rElec    .         Reflect  .   (no cloak)
rCorr    .         Harm     .   (no gloves)
MR       .....                  (no boots)
Stlth    ++........             (no amulet)
HPRegen  0.13/turn              e - +3 ring of dexterity
MPRegen  0.11/turn              (no ring)

@: corroded
A: unfitting armour, cold-blooded, AC +5
a: no special abilities


You were on level 6 of the Dungeon.
You were hungry.

You visited 1 branch of the dungeon, and saw 4 of its levels.

You collected 218 gold pieces.

Inventory:

Hand Weapons
 i - a +0 whip
 j - a +0 mace
 l - a +0 flail
 t - a +0 dagger
 w - a +2 short sword of speed (weapon)
 x - a +0 club
Missiles
 a - 132 arrows
 g - 85 stones (quivered)
 m - 13 bolts
 p - 15 sling bullets
 y - 12 poisoned needles
Armour
 d - a +0 leather armour
 f - a +0 ring mail
 q - a cursed +0 robe
 z - a +0 ring mail
Jewellery
 c - a cursed -3 ring of protection {unknown}
 e - a +3 ring of dexterity (left hand)
Wands
 n - a wand of random effects (19)
Scrolls
 k - 2 scrolls of remove curse
 o - 2 scrolls of magic mapping
 r - a scroll of fog
 u - 2 scrolls of identify {unknown}
Potions
 h - a potion of magic {unknown}
Books
 b - a book of Changes

   Spells                             Type                      Level
   a - Beastly Appendage              Transmutation                1
   b - Sticks to Snakes               Transmutation                2
   c - Spider Form                    Transmutation/Poison         3
   d - Ice Form                       Ice/Transmutation            4
   e - Blade Hands                    Transmutation                5
Comestibles
 A - a ration


   Skills:
 + Level 1.7 Fighting
 + Level 0.8 Short Blades
 + Level 2.3 Maces & Flails
 + Level 2.6 Dodging
 + Level 1.0 Stealth
 + Level 3.8 Unarmed Combat
 + Level 2.4 Spellcasting
 + Level 2.6 Transmutations


You had 5 spell levels left.
You knew the following spells:

 Your Spells              Type           Power        Failure   Level  Hunger
a - Beastly Appendage     Tmut           #.....       8%          1    #......
b - Sticks to Snakes      Tmut           #.......     12%         2    ###....


Dungeon Overview and Level Annotations

Branches:
Dungeon (3/15)

Altars:
Xom


Innate Abilities, Weirdness & Mutations

Your plain brown scales are hard. (AC +5)
You cannot fit into any form of body armour.
You are cold-blooded and may be slowed by cold attacks.


Message History

The jelly is heavily wounded.
The jelly closely misses you.
You hit the jelly but do no damage.
Your hands burn!
You tail-slap the jelly, but do no damage.
The jelly is heavily wounded.
The jelly barely misses you.
Evoke which item? (* to show all) (? for menu, Esc to quit)
Aiming: Random Effects
Press: ? - help, Shift-Dir - straight line, f - jelly
Aim: a jelly (heavily wounded)
The jelly resists with significant effort.
The jelly hits you. The acid corrodes you!
You are splashed with acid!
The acid burns!
* * * LOW HITPOINT WARNING * * *
The jelly misses you.
You see here a scroll of fog.
The jelly hits you.
* * * LOW HITPOINT WARNING * * *
You are splashed with acid!
The acid burns!
You die...

..###### #......####
####...?# ###..
#######.....#J#.....#
............@......#
#.##.........####...
#.##.........#
#...............
###...........##
#..........##
#.#...$...#..
#...........#
#...........


You could see a jelly.

Vanquished Creatures
  Natasha (thrice) (D:2)
  3 adders
  3 gnolls (D:3)
  An ooze (D:2)
  3 dart slugs
  2 leopard geckos
  An orc (D:3)
  A ball python (D:3)
  5 bats
  5 giant cockroaches
  3 goblins
  3 hobgoblins
  4 frilled lizards
  2 kobolds
  3 rats
42 creatures vanquished.

Vanquished Creatures (collateral kills)
  An ooze (D:1)
  A bat (D:2)
  A frilled lizard (D:1)
3 creatures vanquished.

Grand Total: 45 creatures vanquished

Notes
Turn   | Place    | Note
-------+----------+-------------------------------------------
     0 | D:1      | YetiFiasco the Draconian Transmuter began the quest for the Orb.
     0 | D:1      | Reached XP level 1. HP: 16/16 MP: 3/3
   553 | D:1      | Reached XP level 2. HP: 12/23 MP: 3/5
   600 | D:1      | Learned a level 2 spell: Sticks to Snakes
  1014 | D:2      | Reached XP level 3. HP: 20/28 MP: 4/6
  1441 | D:2      | Noticed Natasha
  1453 | D:2      | Killed Natasha
  1721 | D:2      | Noticed Natasha
  1731 | D:2      | Killed Natasha
  1731 | D:2      | Reached XP level 4. HP: 13/35 MP: 7/7
  1971 | D:2      | Noticed Natasha
  1985 | D:2      | Killed Natasha
  1985 | D:2      | Reached skill level 1 in Maces & Flails
  2787 | D:2      | Reached XP level 5. HP: 40/40 MP: 8/8
  3178 | D:3      | Found a shimmering altar of Xom.
  3178 | D:3      | Found a shimmering altar of Xom.
  3178 | D:3      | Found a shimmering altar of Xom.
  3312 | D:3      | You fall through a shaft for 3 floors!
  3321 | D:6      | Reached skill level 1 in Stealth
  3342 | D:6      | Splashed by a jelly's acid

Skill      XL: |  1  2  3  4  5 |
---------------+----------------+-----
Dodging        | 2 |  2.6
Maces & Flails | 1 2 |  2.3
Stealth        | 1 |  1.0
Fighting       | |  1.7
Short Blades   | |  0.8
Unarmed Combat | |  3.8
Spellcasting   | |  2.4
Transmutations | |  2.6

Action                   |  1- 3 |  4- 6 || total
-------------------------+-------+-------++-------
Melee: Club              |    28 |       ||    28
       Unarmed           |     6 |       ||     6
       Tailslap          |     7 |     7 ||    14
       Kick              |     3 |     1 ||     4
       Short sword       |    17 |    48 ||    65
       Headbutt          |     3 |     1 ||     4
       Punch             |     2 |       ||     2
       Mace              |    34 |    25 ||    59
Throw: Stone             |       |     9 ||     9
 Cast: Beastly Appendage |     4 |     3 ||     7
       Sticks to Snakes  |     2 |     2 ||     4
Evoke: Wand              |       |     2 ||     2
  Use: Scroll            |     5 |       ||     5
       Potion            |     1 |     2 ||     3
 Stab: Sleeping          |     1 |       ||     1
  Eat: Ration            |     1 |       ||     1
       Chunk             |       |     4 ||     4
Armor: Skin              |    32 |    19 ||    51
Dodge: Dodged            |    52 |    35 ||    87
